 Dungeon Crawl Stone Soup version 0.29-a0-483-g69413ace17 (webtiles) character file.

Game seed: 2592787030102866997

287 xian the Covert (level 6, -12/40 HPs)
             Began as an Octopode Brigand on May 25, 2022.
             Mangled by Pikel
             ... wielding a +2 whip of electrocution
              (13 damage)
             ... on level 4 of the Dungeon.
             The game lasted 00:06:54 (2961 turns).

xian the Covert (Octopode Brigand)                  Turns: 2961, Time: 00:06:56

Health: -12/40     AC:  1    Str:  9 (10) XL:     6   Next: 30%
Magic:  6/6        EV: 13    Int: 10 (13) God:
Gold:   183        SH:  5    Dex: 13 (16) Spells: 5/5 levels left

rFire   + . .      SeeInvis .   a - +2 dagger
rCold   x . .      Faith    .   (no shield)
rNeg    . . .      Spirit   .   (helmet restricted)
rPois   .          Reflect  +   n - amulet of reflection
rElec   .          Harm     .   p - ring of fire
rCorr   +          Rampage  .   t - ring of resist corrosion
Will    .....                   (no ring)
Stlth   +++++.....              (no ring)
HPRegen 0.13/turn               (no ring)
MPRegen 0.10/turn               (no ring)
                                (no ring)
                                (no ring)

@: about to teleport
A: almost no armour, amphibious, 8 rings, camouflage 1, gelatinous body 1,
(nimble swimmer 1), tentacles
a: no special abilities


You were on level 4 of the Dungeon.
You visited 1 branch of the dungeon, and saw 4 of its levels.

You collected 183 gold pieces.

Inventory:

Hand Weapons
 a - a +2 dagger (weapon)
Missiles
 b - 12 poisoned darts (quivered)
 c - 3 curare-tipped darts
Jewellery
 d - an amulet of faith
 n - an amulet of reflection (around mantle)
 p - a ring of fire (left tentacle)
 t - a ring of resist corrosion (right tentacle)
 w - a +4 ring of slaying
Wands
 k - a wand of charming (12)
Scrolls
 f - a scroll of teleportation
 j - a scroll of fog {unknown}
 l - a scroll of summoning {unknown}
 m - 4 scrolls of identify {unknown}
 r - a scroll of brand weapon {unknown}
 u - 2 scrolls of magic mapping {unknown}
Potions
 e - 2 potions of haste {unknown}
 g - a potion of flight {unknown}
 h - a potion of curing {unknown}
 i - a potion of brilliance {unknown}
 o - a potion of invisibility {unknown}
 q - a potion of degeneration
 s - a potion of might {unknown}
 v - a potion of lignification {unknown}


   Skills:
 + Level 2.3 Fighting
 + Level 3.4 Short Blades
 + Level 2.3 Throwing
 + Level 1.6 Dodging
 + Level 8.8 Stealth


You had 5 spell levels left.
You didn't know any spells.
Your spell library contained the following spells:

 Spells                   Type           Power      Damage    Failure   Level
 Apportation              Tloc           0%         N/A       36%         1
 Alistair's Intoxication  Tmut/Pois      0%         N/A       100%        5


Dungeon Overview and Level Annotations

Branches:
Dungeon (4/15)
 Temple: D:4-7

Altars:
Qazlal

Annotations:
D:4 Pikel


Innate Abilities, Weirdness & Mutations

You cannot wear most types of armour.
You are amphibious.
You can wear up to eight rings at the same time.
Your skin changes colour to match your surroundings (Stealth+).
Your rubbery body absorbs attacks. (AC +1, EV +1)
((You are camouflaged when in or above water. (Stealth+)))
You have tentacles for arms and can constrict up to eight enemies at once.


Message History

You kill the kobold!
Found a stone staircase leading up.
Items here: ( ) = ? †.
The goblin barely misses you.
You hit the goblin but do no damage. Your grab misses the goblin.
The goblin barely misses you.
You hit the goblin.
You kill the goblin!
Things that are here:
a +0 club; a goblin corpse You pick up a book of Party Tricks and begin reading...
You add the spells Apportation and Alistair's Intoxication to your library.
w - a +4 ring of slaying
u - 2 scrolls labelled KUUCROFR DUECAS (gained 1)
Things that are here:
a +0 short sword; 19 stones; a kobold corpse Pikel and a lemure come into view.
Pikel is wielding a +2 whip of electrocution.
Pikel moves out of view. 2 lemures come into view.
Found a scroll labelled RIJOMN SOCHUC.
It was a potion of degeneration.
There was something very wrong with that liquid.
You feel weakened.
You feel dopey.
You feel clumsy.
The lemure shouts!
A lemure comes into view.
Pikel hits you with a +2 whip of electrocution!
You are electrocuted!!
Ouch! That really hurt!
* * * LOW HITPOINT WARNING * * *
The lemure shouts!
Okay, then.
As you read the scroll of teleportation, it crumbles to dust.
You feel strangely unstable.
The lemure shouts!
The lemure barely misses you.
Pikel hits you with a +2 whip of electrocution!
* * * LOW HITPOINT WARNING * * *
You are electrocuted!
You die...

##.....#.....##
#.......##
#.#...........##.......##
..........###....#.....#
...##..)..###.###..##..#
...#......##..###..# ..#
#...#..)#..#..##..## ...
#<.....##.....#..#
#..........###...#
##........## ##.@#
#...#####.# ##K5..# ....#
#.# ..##..# ..... #.#
.55# .... .###.. ..#
.5... ..# . #. ..###. .#
. .. ... #. . .##


You could see Pikel and 4 lemures.

Vanquished Creatures
  A black bear (D:3)
  A hound (D:4)
  2 orc priests (D:4)
  4 adders
  A worm (D:2)
  3 dart slugs
  3 orcs (D:4)
  3 ball pythons
  3 endoplasms (D:3)
  A giant cockroach (D:2)
  5 hobgoblins
  7 jackals
  5 kobolds
  4 quokkas
  2 bats
  3 frilled lizards (D:2)
  5 goblins
  4 rats
57 creatures vanquished.

Notes
Turn   | Place    | Note
-------+----------+-------------------------------------------
     0 | D:1      | xian the Octopode Brigand began the quest for the Orb.
     0 | D:1      | Reached XP level 1. HP: 14/14 MP: 1/1
     7 | D:1      | Found a faded altar of an unknown god.
    80 | D:1      | Reached XP level 2. HP: 19/19 MP: 2/2
    94 | D:1      | Reached skill level 6 in Stealth
   772 | D:2      | Reached XP level 3. HP: 24/24 MP: 3/3
  2089 | D:3      | Reached skill level 7 in Stealth
  2176 | D:3      | Found a stormy altar of Qazlal.
  2197 | D:3      | Reached XP level 4. HP: 29/29 MP: 4/4
  2338 | D:3      | Noticed a black bear
  2345 | D:3      | Killed a black bear
  2346 | D:3      | Reached skill level 8 in Stealth
  2346 | D:3      | Reached XP level 5. HP: 34/34 MP: 5/5
  2428 | D:3      | You fall into a shaft and drop 1 floor!
  2528 | D:4      | Reached XP level 6. HP: 13/40 MP: 6/6
  2958 | D:4      | Noticed Pikel
  2961 | D:4      | HP: 1/40 [Pikel/+2 whip of electrocution (11)]
  2961 | D:4      | Mangled by Pikel

Illustrated notes

Levels and vault maps discovered:
D:1:      amcnicky_arrival_choice, layout_rooms, basic_ecumenical_altar,
          minmay_misc_feat_doors
D:2:      layout_loops_corners
D:3:      layout_rooms, mainiacjoe_overflow_tiny_flanked
D:4:      layout_layer_cave, jmf_multi_god_temple2, uniq_duvessa, uniq_pikel

Skill      XL: |  1  2  3  4  5 |
---------------+----------------+-----
Stealth        | 6 7 8 |  8.8
Short Blades   | 3 |  3.4
Fighting       | |  2.3
Throwing       | |  2.3
Dodging        | |  1.6

Action                   |  1- 3 |  4- 6 || total
-------------------------+-------+-------++-------
Melee: Dagger            |    73 |    38 ||   111
       Constrict         |    18 |     7 ||    25
       Tentacles         |    12 |    10 ||    22
       Punch             |     1 |     2 ||     3
  Use: Scroll            |     1 |     1 ||     2
       Potion            |       |     1 ||     1
 Stab: Sleeping          |    14 |     6 ||    20
       Distracted        |     1 |       ||     1
Armor: Skin              |     5 |     1 ||     6
Dodge: Dodged            |    28 |    23 ||    51
Block: Other             |       |     5 ||     5
       Reflection        |       |     1 ||     1

Table legend: (Time is in decaauts)
 A = Elapsed time spent in this place.
 B = Non-inter-level travel time spent in this place.
 C = Inter-level travel time spent in this place.
 D = Time resting spent in this place.
 E = Time spent auto-exploring this place.
 F = Levels seen in this place.
 G = Mean time per level.
                   A        B        C        D        E       F      G
               +--------+--------+--------+--------+--------+-----+--------+
         Total |   2945 |   2890 |     55 |    278 |   2030 |   4 |  736.2 |
       Dungeon |   2945 |   2890 |     55 |    278 |   2030 |   4 |  736.2 |
               +--------+--------+--------+--------+--------+-----+--------+

Top non-repeatable levels by time:
     D:2: 1158 daAuts
     D:1: 767 daAuts
     D:4: 527 daAuts
     D:3: 492 daAuts
